 Dungeon Crawl Stone Soup version 0.24.0-37-gcf1ca852f1 (webtiles) character file.

Game seed: 2339491050907502540, levelgen mode: deterministic

261 Peloso the Shield-Bearer (level 5, -1/70 HPs)
             Began as a Minotaur Fighter on Dec 8, 2019.
             Killed by divine providence
             ... invoked by an orc priest
              (9 damage)
             ... on level 4 of the Dungeon.
             The game lasted 00:05:32 (1879 turns).

Peloso the Shield-Bearer (Minotaur Fighter)         Turns: 1879, Time: 00:05:33

Health: -1/70      AC: 22    Str: 26    XL:     5   Next: 96%
Magic:  4/4        EV:  2    Int:  5    God:
Gold:   168        SH: 11    Dex: 11    Spells: 4/4 levels left

rFire    . . .     SeeInvis .   a - +0 long sword
rCold    . . .     Gourm    .   c - +1 shield
rNeg     + + +     Faith    .   (armour currently unavailable)
rPois    +         Spirit   .   (helmet currently unavailable)
rElec    .         Reflect  .   (cloak currently unavailable)
rCorr    .         Harm     .   (gloves currently unavailable)
MR       .....     NoTele   +   (boots currently unavailable)
Stlth    +.........             (no amulet)
HPRegen  0.21/turn              r - +6 ring of strength
MPRegen  0.09/turn              n - ring of teleportation (curse)

@: tree-form, slowed, very slow
A: (retaliatory headbutt)
a: no special abilities


You were on level 4 of the Dungeon.
You were hungry.
You were a tree.
You visited 1 branch of the dungeon, and saw 4 of its levels.

You collected 168 gold pieces.

Inventory:

Hand Weapons
 a - a +0 long sword (weapon)
Armour
 b - a +0 chain mail (melded)
 c - a +1 shield (worn)
Jewellery
 h - an uncursed ring of positive energy
 k - an uncursed ring of wizardry
 n - a cursed ring of teleportation (right branch)
 r - a +6 ring of strength (left branch)
Scrolls
 e - a scroll of fog
 j - a scroll of noise {unknown}
 l - a scroll of fear
Potions
 d - 2 potions of might
 g - a potion of ambrosia {unknown}
 i - a potion of mutation {unknown}
 m - a potion of berserk rage {unknown}
 o - a potion of resistance {unknown}
 p - 2 potions of curing {unknown}
 q - a potion of lignification
Comestibles
 f - 8 rations


   Skills:
 + Level 4.8 Fighting
 + Level 4.4 Long Blades
 + Level 4.7 Armour
 + Level 0.8 Dodging
 + Level 5.4 Shields


You had 4 spell levels left.
You didn't know any spells.
Your spell library was empty.

Dungeon Overview and Level Annotations

Branches:
Dungeon (4/15)
 Temple: D:4-7

Altars:
Gozag
Xom
The Shining One

Shops:
D:2 *


Innate Abilities, Weirdness & Mutations

((You reflexively headbutt those who attack you in melee.))
((You have a pair of horns on your head.))


Message History

The orc wizard casts a spell at you. The magic dart hits you!
* * * LOW HITPOINT WARNING * * *
You slash the orc wizard!
The orc wizard is severely wounded.
You block the orc wizard's attack.
The orc wizard hits you but does no damage.
You miss the orc wizard.
The orc wizard is severely wounded.
You block the orc wizard's attack.
The orc wizard hits you but does no damage.
You slash the orc wizard!
You kill the orc wizard!
The orc priest hits you with a +0 flail.
* * * LOW HITPOINT WARNING * * *
You hit the orc priest.
The orc priest is moderately wounded.
The orc priest calls down the wrath of Beogh upon you.
Beogh smites you!
You die...

....####....
............
.........!..
#...<....
#......†.
#........
#.......#
###
...#######
#♣# #.## #o#
#. ##o# #
#..# #.....#
#.....#
#.....#
#.....#
#.....#


You could see an orc priest and an orc.

Vanquished Creatures
  2 orc priests (D:3)
  3 orc wizards
  3 adders
  2 oozes (D:3)
  2 worms (D:3)
  3 dart slugs (D:1)
  2 leopard geckos
  10 orcs (D:3)
  A ball python (D:3)
  5 bats
  2 giant cockroaches
  5 hobgoblins
  6 jackals
  A quokka (D:4)
  2 frilled lizards
  8 goblins
  4 kobolds
  3 rats
64 creatures vanquished.

Notes
Turn   | Place    | Note
-------+----------+-------------------------------------------
     0 | D:1      | Peloso the Minotaur Fighter began the quest for the Orb.
     0 | D:1      | Reached XP level 1. HP: 19/19 MP: 0/0
    93 | D:1      | Reached XP level 2. HP: 27/27 MP: 1/1
   672 | D:2      | Reached skill level 4 in Shields
   807 | D:2      | Reached XP level 3. HP: 33/33 MP: 2/2
   827 | D:2      | Found an opulent altar of Gozag.
   828 | D:2      | Found Gozag's Platinum Reserve.
   830 | D:2      | Found a glowing golden altar of the Shining One.
  1303 | D:3      | Reached XP level 4. HP: 29/41 MP: 3/3
  1388 | D:3      | Reached skill level 5 in Shields
  1388 | D:3      | Reached XP level 5. HP: 28/47 MP: 4/4
  1857 | D:4      | Found a shimmering altar of Xom.
  1879 | D:4      | Killed from afar by an orc priest

Levels and vault maps discovered:
D:1:      minmay_arrival_four_houses, layout_loops_ring
D:2:      layout_rooms, nicolae_gozag_zags_fifth_avenue, lemuel_crystal_altar,
          first_ration, chequers_serial_rivers_micro_e
D:3:      layout_loops_cross
D:4:      layout_rooms, lemuel_round_altar, kennysheep_mini, serial_glass,
          glass_columns_b, glass_columns_b

Skill      XL: |  1  2  3  4  5 |
---------------+----------------+-----
Fighting       | 4 |  4.8
Shields        | 4 5 |  5.4
Armour         | 4 |  4.7
Long Blades    | 3 4 |  4.4
Dodging        | |  0.8

Action                   |  1- 3 |  4- 6 || total
-------------------------+-------+-------++-------
Melee: Long sword        |   128 |    86 ||   214
       Headbutt          |    20 |    17 ||    37
  Use: Potion            |     1 |     2 ||     3
       Scroll            |     5 |       ||     5
  Eat: Chunk             |     1 |     2 ||     3
Armor: Scale mail        |    14 |       ||    14
       Chain mail        |    60 |    30 ||    90
       Skin              |       |    13 ||    13
Dodge: Dodged            |    31 |    17 ||    48
Block: Shield            |    76 |    57 ||   133
       Rpst.: Long sword |     9 |     4 ||    13
